 Dungeon Crawl Stone Soup version 0.21-a0-538-gd16b88a (webtiles) character file.

36 Megalobster the Sneak (level 3, -1/16 HPs)
             Began as a Spriggan Enchanter on Dec 16, 2017.
             Slain by a hobgoblin
             ... wielding a +0 club
             ... led by Robin
              (3 damage)
             ... on level 2 of the Dungeon.
             The game lasted 00:04:01 (1827 turns).

Megalobster the Sneak (Spriggan Enchanter)          Turns: 1827, Time: 00:04:02

Health: -1/16      AC:  2    Str:  5    XL:     3   Next: 19%
Magic:  1/8        EV: 19    Int: 16    God:
Gold:   28         SH:  0    Dex: 16    Spells: 5/8 levels left

rFire    . . .     SeeInvis +   i - -2 dagger (curse)
rCold    . . .     Gourm    .   (shield restricted)
rNeg     . . .     Faith    .   b - +0 robe
rPois    .         Spirit   .   (helmet restricted)
rElec    .         Reflect  .   (no cloak)
rCorr    .         Harm     .   (gloves unavailable)
MR       .....                  (boots unavailable)
Stlth    +++.......             (no amulet)
HPRegen  0.05/turn              (no ring)
MPRegen  0.11/turn              (no ring)

@: very slightly contaminated, very quick
A: very small, unfitting armour, see invisible, herbivore 3, speed 3, slow
metabolism 2
a: no special abilities


You were on level 2 of the Dungeon.
You were not hungry.

You visited 1 branch of the dungeon, and saw 2 of its levels.

You collected 28 gold pieces.

Inventory:

Hand Weapons
 a - a +2 dagger
 i - a cursed -2 dagger (weapon)
Armour
 b - a +0 robe (worn)
Scrolls
 j - a scroll of random uselessness {unknown}
 k - a scroll of identify {unknown}
 l - a scroll of teleportation {unknown}
 m - a scroll of magic mapping {unknown}
Potions
 e - a potion of lignification {unknown}
 f - a potion of brilliance {unknown}
 g - a potion of heal wounds {unknown}
 n - a potion of mutation {unknown}
Books
 c - a book of Maledictions

   Spells                             Type                      Level
   a - Corona                         Hexes                        1
   b - Ensorcelled Hibernation        Hexes/Ice                    2
   c - Confuse                        Hexes                        3
   d - Tukima's Dance                 Hexes                        3
   e - Dazzling Spray                 Conjuration/Hexes            3
Comestibles
 d - a bread ration
 h - 4 fruits


   Skills:
 + Level 1.6 Short Blades
 + Level 3.4 Dodging
 * Level 5.2 Stealth
 + Level 3.2 Spellcasting
 + Level 3.9 Hexes


You had 5 spell levels left.
You knew the following spells:

 Your Spells              Type           Power        Failure   Level  Hunger
a - Corona                Hex            ###....      3%          1    None
b - Ensorcelled Hibernat  Hex/Ice        #.....       12%         2    ##.....


Dungeon Overview and Level Annotations

Branches:
Dungeon (2/15)

Altars:

Annotations:
D:2 Robin


Innate Abilities, Weirdness & Mutations

You are very small and have problems with some larger weapons.
You are too small for most types of armour.
You have supernaturally acute eyesight. (SInv)
You are a herbivore.
You cover ground extremely quickly.
You need consume almost no food.


Message History

You closely miss Robin. Robin closely misses you.
The hobgoblin barely misses you.
You hit Robin.
Robin is lightly wounded.
Robin throws the goblin at you! The goblin closely misses you.
The hobgoblin hits you but does no damage.
You hit the goblin.
The goblin is moderately wounded.
Robin hits you with a mace!
You hit the goblin but do no damage.
The goblin is moderately wounded.
The hobgoblin misses you. The goblin closely misses you.
The hobgoblin hits you but does no damage.
You closely miss the goblin.
The goblin is moderately wounded.
The hobgoblin no longer looks unusually strong.
Robin hits you with a mace!
* * * LOW HITPOINT WARNING * * *
The goblin completely misses you. The hobgoblin hits you with a club.
You die...

#.#.#.#...........
# #.#.#...........
#.#.............
#.####..........
##.######.. #..# .
##.# #g#
#######@#####
......gggg..#
#######.###.#.#
..........#.#.#
.######...#.#.#
...g..# ##..#.#.#
...g.g# #..#.#.#
g..gg.# ##.#.#.#
......#
#####...#.##.g.....


You could see Robin, 2 hobgoblins and 2 goblins.

Vanquished Creatures
  2 dart slugs (D:1)
  2 giant cockroaches (D:1)
  4 goblins (D:1)
  3 hobgoblins (D:1)
  7 jackals
  4 bats (D:1)
  4 kobolds
  A rat (D:1)
27 creatures vanquished.

Notes
Turn   | Place    | Note
-------+----------+-------------------------------------------
     0 | D:1      | Megalobster the Spriggan Enchanter began the quest for the Orb.
     0 | D:1      | Reached XP level 1. HP: 9/9 MP: 5/5
    48 | D:1      | Reached XP level 2. HP: 4/13 MP: 6/6
   265 | D:1      | Learned a level 2 spell: Ensorcelled Hibernation
   694 | D:1      | Reached skill level 5 in Stealth
  1137 | D:1      | Reached XP level 3. HP: 9/16 MP: 3/8
  1783 | D:2      | Noticed Robin
  1827 | D:2      | Slain by a hobgoblin

Vault maps used:
D:1:      dpeg_arrival_rooms_with_view
D:2:      uniq_natasha, uniq_sigmund, uniq_robin

Skill      XL: |  1  2 |
---------------+-------+-----
Spellcasting   | 3 |  3.2
Stealth        | 5 |  5.2
Short Blades   | |  1.6
Dodging        | |  3.4
Hexes          | |  3.9

Action                   || total
-------------------------++-------
Melee: Dagger            ||   168
 Cast: Ensorcelled Hiber ||    17
  Use: Scroll            ||     1
 Stab: Sleeping          ||    13
Armor: Robe              ||    24
Dodge: Dodged            ||   177

Table legend:
 A = Spawn XP
 B = Non-spawn XP
 C = Spawn XP percentage of total XP
 D = Spawn monster count
 E = Non-spawn monster count
 F = Spawn count percentage of total count
 G = Total turns spent on level
                    A         B        C        D         E        F      G
               +---------+---------+-------+---------+---------+-------+---------
         Total |       0 |      52 |   0.0 |       0 |      27 |   0.0 |  1827
               +---------+---------+-------+---------+---------+-------+---------
           D:1 |       0 |      47 |   0.0 |       0 |      24 |   0.0 |  1645
           D:2 |       0 |       5 |   0.0 |       0 |       3 |   0.0 |   182
               +---------+---------+-------+---------+---------+-------+---------
